 Dungeon Crawl Stone Soup version 0.19-a0-1899-g2d93087 (webtiles) character file.

25619 Amnesiac the Brawler (level 12, -3/124 HPs)
             Began as a Troll Berserker on Oct 19, 2016.
             Was a Priest of Trog.
             Slain by a spiny frog (21 damage)
             ... on level 6 of the Lair of Beasts.
             The game lasted 00:17:11 (7587 turns).

Amnesiac the Brawler (Troll Berserker)              Turns: 7587, Time: 00:17:12

Health: -3/124     AC:  7    Str: 28    XL:     12   Next: 91%
Magic:  0/11       EV: 15    Int:  3    God:    Trog [***...]
Gold:   735        SH:  0    Dex: 13    Spells: 0 memorised, 11 levels left

rFire  + . .     SeeInvis .       - Unarmed
rCold  . . .     Gourm    +     a - +0 animal skin
rNeg   . . .     Faith    .     (no shield)
rPois  .         Spirit   +     (helmet restricted)
rElec  .         Reflect  .     x - +1 cloak
rCorr  .         Harm     .     (gloves unavailable)
MR     .....                    (boots unavailable)
Stlth  ++........               r - amulet of guardian spirit
                                e - ring of protection from fire
                                s - ring of stealth

@: lethally poisoned (-3 -> -17)
A: unfitting armour, claws 3, fast metabolism 3, gourmand, regeneration 1,
shaggy fur 1, tough skin 2
a: Berserk, Trog's Hand, Burn Spellbooks, Renounce Religion


You were on level 6 of the Lair of Beasts.
You worshipped Trog.
Trog was most pleased with you.
You were full.

You visited 3 branches of the dungeon, and saw 17 of its levels.

You collected 735 gold pieces.

Inventory:

Missiles
 B - 2 throwing nets (quivered)
Armour
 a - a +0 animal skin (worn)
 x - a +1 cloak (worn)
Jewellery
 e - a ring of protection from fire (right claw)
 o - an uncursed ring of flight
 r - an amulet of guardian spirit (around neck)
 s - a ring of stealth (left claw)
 J - an uncursed ring of protection from fire
Wands
 m - a wand of disintegration (14/24)
 y - a wand of digging (4/24)
 C - a wand of acid (8/15)
 I - a wand of confusion (12/48)
Scrolls
 g - 2 scrolls of fog
 j - 6 scrolls of teleportation
 l - a scroll of enchant weapon
 A - 4 scrolls of remove curse
 G - a scroll of identify
 H - a scroll of enchant armour
Potions
 d - 5 potions of curing
 p - 3 potions of brilliance
 u - a potion of invisibility
 v - a potion of flight
 w - 2 potions of cancellation
 D - 2 potions of might
 L - a potion of haste
Books
 c - a book of Frost

   Spells                             Type                      Level
   a - Freeze                         Ice                          1
   b - Throw Frost                    Conjuration/Ice              2
   c - Ozocubu's Armour               Charms/Ice                   3
   d - Throw Icicle                   Conjuration/Ice              4
   e - Summon Ice Beast               Ice/Summoning                4
   Trog disapproves of the use of such an item.
 i - a book of Geomancy

   Spells                             Type                      Level
   a - Sandblast                      Earth                        1
   b - Passwall                       Transmutation/Earth          2
   c - Stone Arrow                    Conjuration/Earth            3
   d - Petrify                        Transmutation/Earth          4
   e - Lee's Rapid Deconstruction     Earth                        5
   Trog disapproves of the use of such an item.
 E - a book of Fire

   Spells                             Type                      Level
   a - Ignite Poison                  Fire/Transmutation/Poison    3
   b - Fireball                       Conjuration/Fire             5
   c - Bolt of Fire                   Conjuration/Fire             6
   d - Delayed Fireball               Conjuration/Fire             7
   e - Ring of Flames                 Charms/Fire                  7
   Trog disapproves of the use of such an item.
Miscellaneous
 z - a disc of storms
 F - a phantom mirror
Comestibles
 b - 8 bread rations
 f - 4 meat rations
 k - 8 fruits
 n - 2 slices of pizza
 q - 9 royal jellies
 t - 2 beef jerkies
 K - 3 chunks of flesh


   Skills:
 + Level 9.5 Fighting
 + Level 9.8 Dodging
 * Level 15.2 Unarmed Combat


You had 11 spell levels left.
You didn't know any spells.

Dungeon Overview and Level Annotations

Branches:
Dungeon (10/15)              Lair (6/6) D:10          Swamp (0/4) Lair:3
 Spider (0/4) Lair:4          Orc (1/2) D:10
 Temple: D:4-7        Slime: Lair:5-6

Altars:

Shops:
D:5 [   D:8 =   D:10 ([

Annotations:
Lair:6 dobroeutro's ghost, journeyman FoHu


Innate Abilities, Weirdness & Mutations

You are too large for most types of armour.
You have claws for hands.
Your metabolism is lightning-fast.
You like to eat raw meat.
Your natural rate of healing is unusually fast.
You are covered in fur. (AC +1)
You have very tough skin. (AC +2)


Message History

You are lethally poisoned!
The spiny frog poisons you!
* * * LOW HITPOINT WARNING * * *
You feel very sick.
The eight-headed hydra bites something but does no damage. x2
The eight-headed hydra bites something.
The eight-headed hydra completely misses something.
The eight-headed hydra bites something! x2
The eight-headed hydra bites something. x2
* * * LOW HITPOINT WARNING * * *
You feel very sick.
* * * LOW HITPOINT WARNING * * *
You feel very sick.
You feel much better.
You feel very sick. The spiny frog barely misses you.
Okay, then.
You feel very sick. The spiny frog stings you!!
You die...

.....#. #.#......####.####..#
....... ....#...P##....#.P..#
....... ...................P##
....... ....................P#
.............................#
....................###..†#..#
...................#####.....##
........ #.##..<.##....###...#
......# #####.#@..##....#.#.###
......####P..##..F##.....[#...P#
.............###PF###......#PP.#
..............#PD..##.[.....P..#
.......##...##.F...#..##..#P..##
......#..#....#......####.##.##
........###..PP.......##P....#
......................PP.....##
.......................P......#


You could see an eight-headed hydra and 3 spiny frogs.

Vanquished Creatures
  Nessos (Lair:6)
  Harold (Lair:2)
  An anaconda (Lair:5)
  A death yak (Lair:4)
  Nergalle (Lair:3)
  A hill giant (D:10)
  8 spiny frogs
  4 black mambas
  4 rime drakes
  A queen bee (D:8)
  A polar bear (Lair:3)
  A troll (D:9)
  A two-headed ogre (D:9)
  5 blink frogs
  5 hippogriffs
  A spriggan (Lair:5)
  31 yaks
  4 wyverns (Lair:4)
  A basilisk (Lair:3)
  A vampire mosquito (Lair:5)
  A warg (D:10)
  14 water moccasins
  3 porcupines
  2 orc warriors
  Purgy (D:3)
  An ice beast (D:8)
  A sky beast (D:10)
  A phantom (D:7)
  A black bear (D:10)
  3 wolves (Lair:2)
  A necrophage (D:8)
  4 ogres
  The ghost of vev the Ruffian, an amateur DrAM (D:3)
  3 centaurs
  4 crocodiles
  15 bullfrogs
  2 scorpions
  22 killer bees
  A howler monkey (D:9)
  14 wights
  An electric eel (Lair:4)
  5 crimson imps
  2 jellies (D:10)
  2 quasits
  An orc priest (D:8)
  2 hounds
  An orc wizard (D:10)
  4 iguanas
  Ijyb (D:3)
  Terence (D:3)
  2 worker ants
  A hound zombie (D:9)
  A hound skeleton (D:5)
  2 worker ant zombies
  5 adders
  A shadow imp (D:10)
  2 oozes (D:5)
  An adder zombie (D:9)
  A worm (D:3)
  A dart slug (D:3)
  2 leopard geckos
  18 orcs
  A giant cockroach (D:3)
  4 goblins
  2 hobgoblins (D:4)
  11 jackals
  A kobold (D:4)
  3 quokkas
  3 frilled lizards
  A leopard gecko skeleton (D:6)
  2 quokka skeletons
  3 rats
257 creatures vanquished.

Vanquished Creatures (collateral kills)
  3 hydras
  A death yak (Lair:5)
  A black mamba (Lair:5)
  A komodo dragon (Lair:4)
  A blink frog (Lair:4)
  A yak (Lair:4)
  2 wolves (Lair:2)
  An electric eel (Lair:4)
11 creatures vanquished.

Vanquished Creatures (others)
  A fungus (Lair:6)
  34 plants
35 creatures vanquished.

Grand Total: 303 creatures vanquished

Notes
Turn   | Place    | Note
-------+----------+-------------------------------------------
     0 | D:1      | Amnesiac the Troll Berserker began the quest for the Orb.
     0 | D:1      | Reached XP level 1. HP: 22/22 MP: 0/0
   108 | D:2      | Reached XP level 2. HP: 29/29 MP: 1/1
   185 | D:3      | Noticed Terence
   189 | D:3      | Noticed vev's ghost (amateur DrAM)
   192 | D:3      | Killed Terence
   192 | D:3      | Reached XP level 3. HP: 36/36 MP: 2/2
   200 | D:3      | Killed vev's ghost
   200 | D:3      | Reached skill level 4 in Unarmed Combat
   200 | D:3      | Reached XP level 4. HP: 45/45 MP: 3/3
   247 | D:3      | Noticed Ijyb
   259 | D:3      | Killed Ijyb
   259 | D:3      | Reached XP level 5. HP: 41/53 MP: 4/4
   275 | D:3      | Noticed Purgy
   289 | D:3      | Killed Purgy
   289 | D:3      | Reached skill level 5 in Unarmed Combat
   289 | D:3      | Reached XP level 6. HP: 61/61 MP: 5/5
   459 | D:4      | Reached ** piety under Trog
   574 | D:5      | Entered Level 5 of the Dungeon
   580 | D:5      | Found Dicirrus's Armour Shoppe.
   748 | D:5      | You fall through a shaft for 2 floors!
   763 | D:7      | Reached skill level 6 in Unarmed Combat
   784 | D:6      | Reached XP level 7. HP: 51/68 MP: 6/6
  1337 | D:8      | Reached skill level 7 in Unarmed Combat
  1394 | D:7      | Reached XP level 8. HP: 79/79 MP: 7/7
  1487 | D:8      | Reached skill level 8 in Unarmed Combat
  1532 | D:8      | Reached skill level 5 in Dodging
  1593 | D:9      | Reached skill level 5 in Fighting
  1621 | D:9      | Noticed a troll
  1628 | D:9      | Killed a troll
  1650 | D:9      | Reached *** piety under Trog
  1701 | D:9      | Reached skill level 9 in Unarmed Combat
  1710 | D:9      | Reached XP level 9. HP: 65/88 MP: 8/8
  1746 | D:10     | Entered Level 10 of the Dungeon
  2065 | D:10     | Found Tarphotorph's Armour Emporium.
  2078 | D:10     | Found a staircase to the Orcish Mines.
  2094 | D:10     | Found Qenielafal's Weapon Emporium.
  2123 | Orc:1    | Entered Level 1 of the Orcish Mines
  2123 | Orc:1    | Noticed an orc high priest
  2125 | Orc:1    | Noticed a troll
  2126 | Orc:1    | Noticed an ettin
  2190 | D:10     | Noticed a hill giant
  2272 | D:10     | Reached skill level 10 in Unarmed Combat
  2419 | D:8      | Reached XP level 10. HP: 95/100 MP: 6/9
  2517 | D:8      | Reached **** piety under Trog
  2642 | D:8      | Reached skill level 11 in Unarmed Combat
  2801 | D:8      | Found Xax Syll's Jewellery Boutique.
  3864 | D:10     | Killed a hill giant
  3953 | D:10     | Reached skill level 12 in Unarmed Combat
  4189 | D:10     | Found a staircase to the Lair.
  4378 | Lair:1   | Entered Level 1 of the Lair of Beasts
  4378 | Lair:1   | Noticed a spiny frog
  4385 | Lair:1   | Killed a spiny frog
  4407 | Lair:1   | Noticed a five-headed hydra
  4454 | Lair:1   | Reached XP level 11. HP: 79/109 MP: 7/10
  4496 | Lair:1   | Killed a five-headed hydra
  4598 | Lair:2   | Noticed Harold
  4618 | Lair:2   | Killed Harold
  4927 | Lair:2   | Reached skill level 13 in Unarmed Combat
  5237 | Lair:3   | Noticed Nergalle
  5244 | Lair:3   | Killed Nergalle
  5725 | Lair:4   | Reached XP level 12. HP: 56/122 MP: 8/11
  5877 | Lair:4   | Noticed a death yak
  5895 | Lair:4   | Killed a death yak
  5895 | Lair:4   | Reached skill level 14 in Unarmed Combat
  5958 | Lair:4   | Reached ***** piety under Trog
  6056 | Lair:4   | Found a hole to the Spider Nest.
  6603 | Lair:5   | Noticed a five-headed hydra
  6611 | Lair:5   | Killed a five-headed hydra
  7038 | Lair:5   | Noticed an anaconda
  7071 | Lair:5   | Killed an anaconda
  7151 | Lair:5   | Noticed a death yak
  7158 | Lair:5   | Killed a death yak
  7226 | Lair:6   | Entered Level 6 of the Lair of Beasts
  7244 | Lair:6   | Reached skill level 15 in Unarmed Combat
  7252 | Lair:6   | Noticed an eight-headed hydra
  7252 | Lair:6   | Noticed dobroeutro's ghost (journeyman FoHu)
  7292 | Lair:6   | Noticed Nessos
  7305 | Lair:6   | Killed Nessos
  7480 | Lair:6   | Noticed a six-headed hydra
  7499 | Lair:6   | Killed a six-headed hydra
  7585 | Lair:6   | HP: 6/124 [poisoned by a spiny frog]
  7587 | Lair:6   | Slain by a spiny frog

Vault maps used:
D:1:      sevenhm_arrival_forest_fort_large_4
D:2:      minmay_joined_circles, uniq_sigmund
D:3:      uniq_terence, uniq_iyjb, uniq_purgy
D:4:      corexii_shack_village, first_bread, uniq_blork_the_orc
D:5:      serial_shops, shop, tgw_sif
D:6:      solitary_fountain, guppyfry_early_elven_hall
D:8:      serial_shops, shop, david_nohive_1, serial_bayou_pond_c
D:9:      serial_glass, glass_columns_a, glass_columns_a
D:10:     lair_0_dummy, orc_david_3
Lair:2:   uniq_harold
Lair:3:   minmay_swamp_entry_worms, grunt_forest_stairs_basic,
          serial_bayou_shore_b, grunt_megastairs_2, uniq_nergalle
Lair:4:   dummy_spider_entry, nicolae_quartered_pool_super, beast_lair_carwin_7
Lair:5:   beast_lair_carwin_large_3, grunt_forest_large_clearing_hut,
          grunt_megastairs_1, infiniplex_staircase_pool_2, lemuel_fruit_tree
Lair:6:   minmay_lair_end_frog_pond, minmay_slime_entry_eyes, uniq_nessos
Orc:1:    uniq_erolcha

Skill      XL: |  1  2  3  4  5  6  7  8  9 10 11 12 |
---------------+-------------------------------------+-----
Fighting       | 3 4 5 6 7 8 9 |  9.5
Dodging        | 3 4 5 6 7 8 9 |  9.8
Unarmed Combat | 4 5 6 7 9 10 12 13 15 | 15.2

Action                   |  1- 3 |  4- 6 |  7- 9 | 10-12 || total
-------------------------+-------+-------+-------+-------++-------
Melee: Unarmed           |    36 |    99 |   213 |   584 ||   932
       Punch             |       |     1 |     7 |    34 ||    42
Invok: Berserk           |     1 |     1 |     4 |     4 ||    10
       Brothers in Arms  |       |       |       |    12 ||    12
  Use: Scroll            |       |     1 |    11 |     9 ||    21
       Potion            |       |       |       |     9 ||     9
 Stab: Sleeping          |       |     2 |     2 |     7 ||    11
       Distracted        |       |       |     1 |       ||     1
  Eat: Chunk             |     7 |     7 |    20 |    52 ||    86
Armor: Animal skin       |     9 |    27 |    51 |    95 ||   182
Dodge: Dodged            |    15 |    39 |   116 |   333 ||   503
